Map: Dreamcatcher LE

Players

SpeCial - Winner!

  • Race: Terran Terran
  • Spawn Location: 5:00

Bly

  • Race: Zerg Zerg
  • Spawn Location: 11:00

Event: WCS Austin 2018

VOD

Have the link to the VOD?

Description

Time

  • Played on: June 2, 2018, 8:39 p.m.
  • Length: 10:46

All games in this series

Show
View Real Time Build Order
Export as new Build Order

SpeCial Terran - Winner!

Build Orders: Reaper Expand, MMM Bio 

Get SALT Encoding   

  12  0:00  SCV  
  13  0:12  SCV  
  14  0:17  Supply Depot  
  14  0:24  SCV  
  15  0:38  SCV  
  15  0:40  Barracks  
  16  0:43  Refinery  
  16  0:50  SCV  
  17  1:02  SCV  
  18  1:15  SCV  
  19  1:28  Orbital Command, Reaper  
  20  1:40  Command Center  
  20  1:53  Supply Depot  
  20  1:54  SCV  
  20  2:00  Marine  
  22  2:06  SCV  
  23  2:09  Factory  
  23  2:19  SCV  
  23  2:20  Marine  
  25  2:26  Refinery, Bunker  
  25  2:31  SCV  
  26  2:38  Marine  
  26  2:43  SCV  
  28  2:52  Orbital Command  
  28  2:55  Starport  
  28  2:57  Marine  
  29  2:59  SCV  
  29  3:01  Factory Tech Lab  
  30  3:08  Cyclone  
  33  3:14  Marine  
  33  3:15  SCV  
  33  3:19  Bunker  
  35  3:25  SCV  
  36  3:27  SCV  
  36  3:30  Supply Depot  
  36  3:32  Starport Tech Lab  
  36  3:33  Marine  
  38  3:37  SCV  
  38  3:39  SCV  
  40  3:49  SCV  
  40  3:51  SCV  
  40  3:52  Banshee  
  45  3:55  Barracks Reactor  
  45  4:00  Factory Tech Lab  
  45  4:01  SCV  
  46  4:07  SCV  
  47  4:13  SCV  
  47  4:15  Command Center  
  48  4:20  SCV  
  48  4:21  Supply Depot  
  48  4:22  Siege Tank  
  52  4:25  SCV  
  53  4:39  Barracks  
  53  4:42  Barracks  
  53  4:43  SCV x2  
  55  4:45  Supply Depot  
  55  4:46  Starport Reactor  
  55  4:48  Marine  
  55  4:49  Stimpack  
  53  4:55  SCV x2  
  53  4:56  Siege Tank  
  53  4:59  Refinery x2  
  57  5:05  Marine  
  59  5:07  SCV x2  
  59  5:09  Supply Depot  
  60  5:15  Engineering Bay  
  60  5:19  SCV x2  
  62  5:23  Engineering Bay, Marine  
  62  5:26  Marine  
  64  5:31  Supply Depot, SCV x2  
  66  5:35  Starport Reactor  
  66  5:36  Orbital Command  
  66  5:40  Siege Tank  
  66  5:42  Marine x3  
  72  5:43  Marine, SCV x2  
  72  5:47  Terran Infantry Weapons Level 1  
  75  5:51  Terran Infantry Armor Level 1  
  75  5:55  Marine  
  78  5:57  Orbital Command  
  78  5:59  Marine  
  78  6:00  Marine  
  78  6:07  Marine x2  
  78  6:10  Barracks  
  80  6:11  Barracks  
  80  6:12  Marine  
  80  6:17  SCV x2, Missile Turret  
  80  6:18  Marine, Missile Turret  
  80  6:25  Marine x2  
  80  6:26  Marine  
  80  6:30  Marine  
  78  6:36  Orbital Command, Marine  
  74  6:40  SCV  
  74  6:43  Marine x3  
  74  6:44  SCV  
  76  6:48  Marine  
  76  6:50  Missile Turret  
  76  6:52  SCV  
  78  6:54  Marine  
  78  6:55  Orbital Command  
  78  6:56  SCV  
  78  7:01  Marine x3  
  76  7:04  SCV  
  76  7:06  Marine  
  82  7:08  Medivac x2, SCV, Barracks Reactor  
  82  7:12  Marine  
  87  7:16  SCV, Siege Tank  
  87  7:19  Supply Depot, Marine x3  
  87  7:21  SCV x2  
  96  7:24  Marine  
  96  7:28  SCV  
  98  7:30  Marine  
  98  7:33  SCV, Combat Shields  
  98  7:35  SCV  
  101  7:41  Marine x3, SCV, Missile Turret  
  101  7:43  Armory  
  105  7:46  Medivac  
  105  7:48  SCV x2, Siege Tank  
  111  7:54  Medivac  
  111  7:57  Marine  
  81  8:07  SCV  
  81  8:08  Marine x4  
  81  8:12  Marine x2, Barracks Tech Lab  
  83  8:13  Liberator  
  83  8:15  Liberator, Marine  
  83  8:16  SCV  
  83  8:17  SCV  
  83  8:19  SCV  
  88  8:21  Siege Tank  
  88  8:26  Marine x3, Missile Turret  
  94  8:29  SCV x2  
  102  8:35  Marine x4  
  102  8:37  Marauder  
  102  8:40  SCV  
  102  8:41  SCV  
  110  8:43  Marine  
  111  8:51  Marine x2  
  111  8:53  Marine, SCV x2  
  116  9:01  Marine  
  117  9:08  Liberator, Marine  
  117  9:09  Marauder  
  116  9:10  Siege Tank  
  116  9:15  Marauder  
  117  9:25  Marine  
  117  9:26  SCV x3  
  117  9:27  Marine  
  117  9:28  Refinery  
  117  9:29  Refinery, Supply Depot  
  117  9:30  Supply Depot x2  
  125  9:31  Supply Depot  
  125  9:35  Marine x4  
  125  9:36  Marine x2  
  125  9:38  SCV  
  132  9:39  SCV  
  133  9:48  Marine  
  133  9:49  SCV  
  133  9:52  SCV x2  
  133  9:58  Medivac  
  129  10:04  Factory  
  129  10:05  Marine x5  
  136  10:08  Medivac  
  136  10:14  Supply Depot, Marine x3  
  136  10:16  Supply Depot x2  
  136  10:17  Supply Depot  
  142  10:23  Marine x5  
Show
View Real Time Build Order
Export as new Build Order

Bly Zerg 

Build Orders: Hatch First 

Get SALT Encoding   

  12  0:01  Drone  
  13  0:12  Overlord  
  13  0:17  Drone  
  14  0:30  Drone x2  
  16  0:39  Drone  
  17  0:52  Hatchery  
  17  0:56  Drone  
  17  0:59  Drone  
  17  1:03  Extractor  
  17  1:15  Spawning Pool  
  17  1:17  Drone  
  17  1:20  Drone  
  18  1:31  Drone  
  19  1:40  Drone  
  20  1:48  Extractor  
  20  1:53  Drone  
  20  2:02  Queen, Roach Warren  
  20  2:03  Drone  
  22  2:12  Drone  
  23  2:18  Queen  
  25  2:24  Overlord  
  25  2:28  Drone  
  26  2:30  Drone  
  27  2:41  Lair  
  29  2:44  Roach  
  29  2:46  Drone  
  29  2:48  Drone  
  31  2:53  Roach  
  33  2:58  Drone  
  33  2:59  Drone  
  33  3:04  Drone  
  36  3:09  Overlord  
  36  3:29  Hatchery, Drone x2  
  36  3:30  Drone x3  
  36  3:33  Drone  
  41  3:37  Drone x2  
  43  3:43  Ravager  
  43  3:45  Overlord  
  43  3:48  Overlord  
  44  3:52  Extractor  
  40  3:55  Glial Reconstitution  
  40  3:58  Drone x3  
  40  3:59  Drone  
  44  4:06  Drone x4  
  44  4:08  Roach  
  44  4:09  Extractor  
  49  4:15  Spire  
  48  4:22  Roach x2  
  52  4:26  Overlord  
  54  4:38  Drone x3  
  55  4:55  Overlord  
  55  4:58  Spore Crawler  
  55  4:59  Drone x3  
  57  5:01  Queen  
  57  5:06  Spore Crawler  
  58  5:09  Drone x2  
  58  5:10  Overlord  
  53  5:28  Mutalisk x7  
  54  5:29  Mutalisk x2  
  54  5:33  Drone  
  54  5:34  Drone x2  
  73  5:43  Overlord  
  73  5:46  Overlord  
  73  5:51  Drone  
  73  5:52  Drone x5  
  79  5:58  Queen  
  79  5:59  Queen  
  79  6:02  Overlord  
  83  6:08  Roach x3  
  89  6:12  Overlord  
  89  6:14  Overlord  
  85  6:43  Roach x10  
  105  6:49  Overlord  
  105  6:55  Roach x2  
  105  6:59  Evolution Chamber  
  108  7:09  Roach x3  
  108  7:13  Overlord  
  114  7:18  Ravager x8  
  114  7:22  Roach x5  
  130  7:34  Roach x5  
  130  7:35  Roach  
  142  7:39  Overlord  
  142  7:41  Extractor  
  142  7:43  Extractor  
  140  7:46  Overlord, Drone  
  141  7:56  Hatchery  
  124  8:02  Roach  
  124  8:03  Roach x10  
  100  8:15  Roach x3  
  106  8:23  Roach x7  
  120  8:27  Roach  
  120  8:33  Roach x2  
  126  8:47  Roach x4  
  134  8:49  Ravager  
  134  8:50  Ravager x2  
  137  9:04  Roach  
  137  9:05  Roach x6  
  143  9:13  Drone x2  
  143  9:15  Drone  
  143  9:16  Drone  
  135  9:17  Drone  
  135  9:20  Tunneling Claws  
  135  9:23  Drone x4  
  135  9:24  Drone x5  
  145  9:26  Drone  
  146  9:32  Overlord  
  146  9:36  Spore Crawler  
  145  9:38  Spore Crawler, Drone  
  145  9:39  Drone  
  145  9:43  Overlord  
  143  9:47  Overlord  
  143  9:52  Drone x2  
  130  9:55  Drone x3  
  130  9:59  Drone  
  127  10:05  Infestation Pit, Drone  
  127  10:07  Drone  
  128  10:15  Drone x2  
  128  10:16  Drone x2  
  132  10:24  Roach x2  
  132  10:26  Roach x2  
Tags
 
Add a new tag
Caveats
  • Supply blocks, unpowered buildings, or Contaminate may cause inaccurate times.
  • Supply counts are checked every 10 seconds.